[Event "Croatian 1A League 2022"]
[Site "Porec"]
[Date "2022.10.01"]
[Round "8.5"]
[White "Jovanic, Ognjen"]
[Black "Rogic, Davor"]
[Result "0-1"]
[ECO "D52"]
[WhiteElo "2507"]
[BlackElo "2458"]
[Annotator "TA"]
[PlyCount "146"]
[EventDate "2022.09.24"]
[EventType "team-tourn"]
[EventCountry "CRO"]
[SourceTitle "playchess.com"]
[Source "ChessBase"]
[SourceQuality "1"]
[TimeControl "40/5400+30:1800+30"]

1. d4 d5 2. c4 e6 3. Nc3 Nf6 4. Bg5 c6 5. e3 Nbd7 6. Nf3 Qa5 7. Nd2 dxc4 8. Bxf6 Nxf6 9. Nxc4 Qc7 10. Rc1 Bd6 11. f4 Be7 12. Bd3 O-O 13. O-O Rd8 14. Qe2 a6 15. Ne5 Bd7 16. Na4 Be8 17. Nc5 a5 18. a3 Bf8 19. Qf3 g6 20. Bb1 Rac8 21. Ncd3 b6 22. Rfe1 Nd5 23. h4 Qe7 24. h5 c5 25. hxg6 hxg6 26. dxc5 bxc5 27. Nc4 Qa7 28. Nde5 Nb6 29. Ba2 Bg7 30. Rcd1 Nxc4 31. Bxc4 Qb8 (31... Qc7 $15) 32. Rxd8 (32. Nxg6 $11 fxg6 33. Bxe6+ Bf7 34. Bxc8 Qxc8 35. Rxd8+ Qxd8 36. Rd1) 32... Rxd8 $15 33. Nd3 (33. Qe4 $1 $15 {is more appropriate.}) 33... Bb5 $17 (33... Bxb2 $2 34. Rb1 $18) 34. Qe4 {[%emt 0:01:06] [#]} Qb6 $1 35. Ne5 Bxe5 36. Bxb5 Bxf4 37. a4 (37. Qxf4 $17 {was called for.} Qxb5 38. Rf1) 37... Bc7 38. Qf3 (38. Rf1 $17) 38... Qd6 $19 39. Kf2 (39. g3 $142) 39... Qh2 40. Be2 $2 (40. Ke2) 40... Qh4+ $19 ({Don't blunder} 40... Rd2 $2 41. Qh3 Qe5 42. Rh1 $19) 41. g3 Qh2+ ({Avoid the trap} 41... Qxa4 $2 42. Rd1) 42. Kf1 Bxg3 43. Rd1 Qh3+ 44. Kg1 Bh2+ 45. Kh1 $2 (45. Kf2 Qh4+ 46. Kg2 Rxd1 47. Bxd1) 45... Rxd1+ $19 46. Bxd1 Qxf3+ 47. Bxf3 Bd6 48. b3 f5 49. Be2 Kf7 50. Kg1 Kf6 $2 (50... c4 51. Bxc4 g5) 51. Ba6 $2 (51. Kf2) 51... e5 $19 52. e4 {[%emt 0:00:18] [#]} Kg5 $1 53. Kf2 Kf4 54. Bb7 Be7 (54... fxe4 $142 55. Bd5 Be7 56. Bg8 g5 57. Be6 g4 58. Ke2 Bh4 59. Bd7 g3 60. Bh3 Bg5 61. Ke1 e3 62. Bg2 e4 63. Ke2 Kf5 64. Bh3+ Ke5 65. Bf1 Kd4 66. Bg2 Kc3 67. Bh3 Kxb3 68. Bg2 c4 69. Bxe4 c3 70. Kf3 c2 71. Bxc2+ Kxc2 72. Kg2 e2 73. Kxg3 e1=Q+ 74. Kg4 Qe5 75. Kf3 Kd3 76. Kg2 Be3 77. Kf3 Qf4+ 78. Kg2 Qh4 79. Kf3 Qh3#) 55. Bd5 Bh4+ 56. Ke2 Bg3 (56... fxe4 $142 57. Bc4 g5 58. Bb5 g4 59. Bd7 g3 60. Bh3 e3 61. Bg2 Bg5 62. Bh1 e4 63. Bg2 Ke5 64. Bf1 Kd4 65. Bg2 Kc3 66. Bxe4 Kxb3 67. Bh1 c4 68. Bd5 Kb4 69. Kd1 c3 70. Bf3 e2+ 71. Kxe2 c2 72. Kf1 c1=Q+ 73. Kg2 Qf4 74. Bd5 Qf2+ 75. Kh3 g2 76. Kg4 g1=Q+ 77. Kh5 Qgh2+ 78. Kxg5 Qhh4+ 79. Kg6 Qff6#) 57. Bc6 Bh4 (57... fxe4 $19 58. Bd5 g5) 58. Bd5 $1 Bd8 (58... fxe4 $142 59. Bc4 g5 60. Bb5 g4 61. Bd7 e3 62. Be6 g3 63. Bh3 e4 64. Bf1 Bg5 65. Bg2 Kf5 66. Kf1 Ke5 67. Ke2 Kf5 68. Bh1 Ke5 69. Ke1 Kd4 70. Ke2 Kc3 71. Bxe4 Kxb3 72. Kf1 c4 73. Bg6 c3 74. Bf7+ Kb2 75. Bg6 c2 76. Bxc2 Kxc2 77. Kg2 e2 78. Kxg3 e1=Q+ 79. Kg4 Qe5 80. Kf3 Be3 81. Kg2 Kd3 82. Kh1 Qe4+ 83. Kh2 Qg4 84. Kh1 Qh3#) 59. Bc6 Be7 (59... fxe4 $142 60. Bb7 Bh4 61. Bd5 Bf6 62. Be6 g5 63. Bc8 g4 64. Be6 Bg5 65. Bd7 e3 66. Bb5 e4 67. Bd7 g3 68. Bh3 Ke5 69. Bg2 Kd4 70. Bh1 Kc3 71. Bxe4 Kxb3 72. Kf1 Kxa4 73. Bg6 Kb4 74. Bd3 a4 75. Bb1 a3 76. Ba2 c4 77. Bb1 g2+ 78. Kxg2 c3 79. Kg3 a2 80. Bxa2 c2 81. Bf7 e2 82. Kg4 c1=Q 83. Bd5 Qf4+ 84. Kh5 e1=Q 85. Kg6 Qf6+ 86. Kh7 Qh6+ 87. Kg8 Qe8#) 60. Bd5 Bf8 (60... fxe4 $142 61. Bc4 g5 62. Ke1 g4 63. Be6 Bg5 64. Ke2 g3 65. Bh3 e3 66. Kf1 Ke4 67. Ke2 Kf4 68. Bf1 e4 69. Ke1 Ke5 70. Ke2 Kd4 71. Bg2 Kc3 72. Bxe4 Kxb3 73. Kf3 c4 74. Bd5 Kb4 75. Be4 Kxa4 76. Kg4 e2 77. Kxg5 e1=Q 78. Kf4 c3 79. Kf3 Kb4 80. Bf5 Qf2+ 81. Kg4 g2 82. Kg5 g1=Q+ 83. Kf6 Qd4+ 84. Kf7 Qgg7+ 85. Ke8 Qc5 86. Bh3 Qcf8#) 61. Bc6 Bh6 (61... fxe4 $142 62. Bb5 g5 63. Bc4 Be7 64. Bg8 g4 65. Be6 Bh4 66. Kf1 e3 67. Ke2 e4 68. Bc8 g3 69. Bh3 Bg5 70. Bf1 Ke5 71. Bg2 Kd5 72. Bh1 Kd4 73. Bg2 Kc3 74. Bxe4 Kxb3 75. Bh1 c4 76. Bd5 Kxa4 77. Kf3 c3 78. Be4 Kb4 79. Bg6 a4 80. Kxg3 a3 81. Bb1 Kb3 82. Be4 c2 83. Bxc2+ Kxc2 84. Kh2 a2 85. Kg3 a1=Q 86. Kg4 e2 87. Kh5 e1=Q 88. Kg6 Qf6+ 89. Kh7 Qf7+ 90. Kh8 Qh4#) 62. Bd5 fxe4 63. Be6 g5 64. Bh3 g4 65. Bg2 Bg5 66. Bh1 e3 67. Bc6 e4 68. Be8 g3 69. Kf1 Ke5 70. Bb5 Kd4 71. Kg2 Bf4 72. Kf1 Kc3 73. Bc4 Kd2 0-1

[Event "Croatian 1A League 2022"]
[Site "Porec"]
[Date "2022.10.01"]
[Round "8.6"]
[White "Cvitan, Ognjen"]
[Black "Srbis, Jurica"]
[Result "1/2-1/2"]
[ECO "E12"]
[WhiteElo "2445"]
[BlackElo "2442"]
[Annotator "TA"]
[PlyCount "41"]
[EventDate "2022.09.24"]
[EventType "team-tourn"]
[EventCountry "CRO"]
[SourceTitle "playchess.com"]
[Source "ChessBase"]
[SourceQuality "1"]
[TimeControl "40/5400+30:1800+30"]

1. d4 Nf6 2. c4 e6 3. Nf3 b6 4. Nc3 Bb7 5. a3 d5 6. cxd5 Nxd5 7. e3 Be7 8. Bb5+ c6 9. Bd3 Nd7 10. e4 Nxc3 11. bxc3 c5 12. O-O O-O 13. Re1 Rc8 {[%emt 0:05:08] [#] E12: Queen's Indian: Unusual White 4th moves, 4 a3, 4 Nc3 Bb7 5 a3 and 4 Nc3 Bb7 .} 14. e5 $146 ({Predecessor:} 14. Qe2 Qc7 15. Bd2 e5 16. d5 c4 17. Bc2 Bd6 18. Be3 b5 19. Reb1 Qa5 20. Bd2 Nc5 21. a4 bxa4 22. Bxa4 Qc7 23. Qxc4 {½-½ (71) Miasik,A (1754)-Osipow,N (2117) Jastrzebia Gora 2015}) 14... Re8 15. a4 Nf8 16. Be3 (16. Bb5 $5 ) 16... cxd4 17. cxd4 Ng6 18. Bb5 Rf8 19. Qe2 Qd5 20. Ba6 Rc7 (20... Bb4 $1 $15 21. Rec1 Ne7) 21. Bxb7 {[%emt 0:00:24] Weighted Error Value: White=0.23 (precise) /Black=0.17 (very precise)} 1/2-1/2

[Event "Croatian 1A League 2022"]
[Site "Porec"]
[Date "2022.10.01"]
[Round "8.7"]
[White "Shevchenko, Kirill"]
[Black "Motylev, Alexander"]
[Result "1/2-1/2"]
[ECO "E35"]
[WhiteElo "2645"]
[BlackElo "2635"]
[Annotator "TA"]
[PlyCount "73"]
[EventDate "2022.09.24"]
[EventType "team-tourn"]
[EventCountry "CRO"]
[SourceTitle "playchess.com"]
[Source "ChessBase"]
[SourceQuality "1"]
[TimeControl "40/5400+30:1800+30"]

1. d4 Nf6 2. c4 e6 3. Nc3 Bb4 4. Qc2 d5 5. cxd5 exd5 6. Bg5 h6 7. Bh4 c5 8. dxc5 g5 9. Bg3 Ne4 {[%emt 0:00:55] [#] Strongly threatening ...Qa5.} 10. e3 {[%emt 0:02:25] E35: Nimzo-Indian: Classical: 4...d5 5 cxd5 exd5.} Qa5 11. Rc1 {[%emt 0:01:47] White wants to play Bd3.} Qxa2 {[%emt 0:04:17] 11...Nc6 injects fresh life into this line.} (11... Qxc5 12. Bd3 $14) 12. Bb5+ Bd7 13. Bxd7+ Nxd7 14. Nge2 Nxc3 (14... Nexc5 $2 15. O-O Qc4 16. Rfd1 $18) ({Resist} 14... Nxg3 15. hxg3 Qa6 16. O-O $16) 15. Nxc3 Qc4 (15... Nxc5 $2 16. O-O Qb3 17. Qf5 $18) 16. h4 {[%emt 0:07:32] [#]} O-O-O $146 {[%emt 0:13:16] [#] ...d4 is the strong threat.} (16... Qxc5 $2 17. hxg5 d4 18. exd4 (18. Rxh6 Rxh6 19. gxh6 dxc3 $11) 18... Qxg5 19. Qe2+ Be7 20. O-O $18) ({Predecessor:} 16... Nxc5 17. Rd1 g4 18. Rd4 Qa6 19. h5 Rc8 20. Qf5 Bxc3+ 21. bxc3 Qa1+ 22. Ke2 Qa2+ 23. Rd2 Qa6+ 24. Ke1 Qa1+ 25. Ke2 Qa6+ 26. Ke1 {½-½ (26) Gagunashvili,M (2560)-Zhukova,N (2459) Nakhchivan 2014}) 17. Kd1 ({And not} 17. Qf5 d4 18. Qg4 Rhe8 19. hxg5 hxg5 $17) 17... Rhe8 {[%emt 0:09:10] And now ...d4 would win.} (17... Bxc5 $2 18. b3 Qg4+ 19. Qe2 Qxe2+ 20. Kxe2 $18 (20. Nxe2 a5 $14)) 18. Ne2 {[%emt 0:06:46] Inhibits d4.} Qxc2+ 19. Rxc2 Nxc5 20. Nd4 Kd7 21. hxg5 hxg5 22. Rh7 Rf8 23. Be5 Ne6 {[%emt 0:04:03] The position is equal.} 24. Rh6 {[%emt 0:02:21] Hoping for Nxe6.} Rc8 25. Nxe6 Rxc2 26. Nxf8+ Bxf8 $11 {[%emt 0:00:08][%mdl 4096] Endgame KRB-KRB} 27. Rf6 Rc4 28. Bd4 Ke7 $1 {[%emt 0:00:57][%cal Oc4d4] White must now prevent ...Rxd4+!} 29. Rf5 f6 30. g4 Rc6 31. Bxa7 Ke6 32. Bd4 Be7 33. Kd2 Ra6 34. Kd3 Ra1 35. f3 Rd1+ 36. Ke2 Rh1 37. Kd3 {[%emt 0:00:27] An even fight not without its subleties.  Weighted Error Value: White=0.04 (flawless) /Black=0.01 (flawless)} 1/2-1/2

[Event "Croatian 1A League 2022"]
[Site "Porec"]
[Date "2022.10.01"]
[Round "8.8"]
[White "Postny, Evgeny"]
[Black "Erdos, Viktor"]
[Result "1/2-1/2"]
[ECO "E60"]
[WhiteElo "2573"]
[BlackElo "2597"]
[Annotator "TA"]
[PlyCount "38"]
[EventDate "2022.09.24"]
[EventType "team-tourn"]
[EventCountry "CRO"]
[SourceTitle "playchess.com"]
[Source "ChessBase"]
[SourceQuality "1"]
[TimeControl "40/5400+30:1800+30"]

1. d4 Nf6 2. c4 g6 3. h4 d5 4. cxd5 {[%emt 0:00:28] [#]} Bg7 $146 ({Predecessor:} 4... c5 5. e4 Nxe4 6. dxc5 Qa5+ 7. Nd2 Bg7 8. Qc2 Nxc5 9. Qc4 O-O 10. Ngf3 Nba6 {0-1 (92) Jacobson,B (2526)-Paravyan,D (2617) Chess.com INT 2022}) 5. h5 Nxh5 6. e4 {[%emt 0:02:51] E60: King's Indian: Unusual lines and Fianchetto Variation without Nc3.} Nf6 7. Nc3 c6 8. dxc6 {[%emt 0:01:49] White is slightly better.} Nxc6 9. d5 Ne5 10. Be2 Qa5 {[%emt 0:22:50] [#] Threatens to win with ...Nxe4.} 11. Kf1 O-O 12. Nh3 e6 (12... h5 $11) 13. Bf4 $16 Ne8 14. Ng5 h6 15. Nf3 Nxf3 16. Bxf3 g5 17. Be3 Nf6 18. Bd4 {[%emt 0:04:46] aiming for Bxf6.} exd5 19. Nxd5 Nxd5 {[%emt 0:00:11] Weighted Error Value: White=0.07 (flawless) /Black=0.11 (very precise)} 1/2-1/2

[Event "Croatian 1A League 2022"]
[Site "Porec"]
[Date "2022.10.01"]
[Round "8.9"]
[White "Muse, Drazen"]
[Black "Bosiocic, Marin"]
[Result "0-1"]
[ECO "A06"]
[WhiteElo "2311"]
[BlackElo "2548"]
[Annotator "TA"]
[PlyCount "140"]
[EventDate "2022.09.24"]
[EventType "team-tourn"]
[EventCountry "CRO"]
[SourceTitle "playchess.com"]
[Source "ChessBase"]
[SourceQuality "1"]
[TimeControl "40/5400+30:1800+30"]

1. Nf3 d5 2. b3 Bg4 3. Bb2 Nd7 4. d4 e6 5. Nbd2 c6 6. g3 {[%emt 0:05:46] [#] A06: Réti Opening: 1 Nf3 d5.} Bxf3 $146 ({Predecessor:} 6... Bd6 7. e4 Ne7 8. Bg2 c5 9. exd5 Nxd5 10. Ne4 Be7 11. c4 N5f6 12. Nxc5 Nxc5 13. dxc5 {1-0 (67) Janik,I (2525)-Van Foreest,L (2530) Warsaw 2021}) 7. exf3 Qa5 8. a3 {[%emt 0:00:36] White is slightly better.} g6 9. f4 Bg7 10. c3 Ne7 11. Bd3 c5 12. O-O Qb6 13. Nf3 c4 14. Bb1 Qxb3 15. Qxb3 cxb3 16. Nd2 Nb6 {[%emt 0:00:30] aiming for ...Na4.} 17. Bd3 Rc8 {[%emt 0:03:56] ...Nc4 is the strong threat.} 18. Nxb3 (18. Bb5+ Kd8 19. a4 (19. Nxb3 $2 a6 $17) 19... Nc4 20. Bxc4 dxc4) 18... Nc4 19. Bc1 Nf5 20. a4 Nfd6 21. Re1 O-O 22. Re2 Rfd8 23. Rc2 Ne4 24. f3 Ned6 25. Kf1 Rc7 26. Ke2 Rdc8 27. Raa2 h5 28. Kd1 Bf6 29. Ke2 Kg7 {[%emt 0:00:11] Black is more active.} 30. Kd1 h4 31. g4 Bd8 32. Ke2 Rc6 (32... h3 {is interesting.} 33. Kf2 Bh4+ 34. Ke2 b6) 33. Ra1 b6 34. h3 f5 35. g5 Kf7 36. Raa2 Bc7 37. Ra1 Nb7 {[%emt 0:02:30] Pair of Knights!} (37... Ne8 $17 {And now ...Ng7 would win.} 38. a5 Ng7 39. axb6 axb6) 38. Raa2 Ke7 39. Kd1 (39. Bxc4 $11 {remains equal.} Rxc4 40. Be3) 39... a5 40. Ra1 Nbd6 41. Ke2 {[%emt 0:02:18] [#] Black keeps a firm grip on the game.} ({White should try} 41. Re2 $15) 41... Ne8 $1 $17 42. Kd1 (42. Nd2 $17) 42... Ng7 $19 43. Bxc4 dxc4 44. Nd2 {[%emt 0:00:25] [#]} ({Of course not} 44. Ba3+ Kf7 45. Nc1 Bxf4) 44... Nh5 $1 (44... Bxf4 45. Nf1 Bxc1 46. Raxc1 $17) 45. Nf1 Nxf4 ({Stronger than} 45... Bxf4 46. Ne3 $17) 46. Bxf4 Bxf4 47. Re2 Bxg5 48. Kc2 Kf6 49. Rb1 Rd8 50. Ne3 Bxe3 51. Rxe3 {[%emt 0:00:02][%mdl 4096] Endgame KRR-KRR} g5 52. Rg1 Rd5 53. f4 (53. Re2 {was worth a try.} b5 54. f4) 53... gxf4 54. Rf3 e5 55. dxe5+ Rxe5 56. Rxf4 Re4 57. Rxe4 (57. Rf2 $142 Rce6 58. Kd2) 57... fxe4 {[%emt 0:00:04][%cal Bf5e4,Be4e3][%mdl 32] KR-KR} 58. Rg4 Kf5 {[%emt 0:00:18] ( -> ...Rg6)} 59. Rxh4 Rd6 {[%emt 0:00:19] Black mates.} 60. Rh8 e3 61. Re8 Kf4 62. Rf8+ Ke4 63. Re8+ Kf3 64. Rf8+ Ke2 65. Rf4 Rd2+ 66. Kc1 Kd3 67. Rd4+ Kxc3 68. Rxd2 exd2+ 69. Kd1 Kd3 70. h4 c3 {[%emt 0:00:04] Weighted Error Value: White=0.37/Black=0.09 (flawless)} 0-1

[Event "Croatian 1A League 2022"]
[Site "Porec"]
[Date "2022.10.01"]
[Round "8.10"]
[White "Antunac, Goran"]
[Black "Trbojevic, Mladen"]
[Result "1-0"]
[ECO "D92"]
[WhiteElo "2337"]
[BlackElo "2332"]
[Annotator "TA"]
[PlyCount "101"]
[EventDate "2022.09.24"]
[EventType "team-tourn"]
[EventCountry "CRO"]
[SourceTitle "playchess.com"]
[Source "ChessBase"]
[SourceQuality "1"]
[TimeControl "40/5400+30:1800+30"]

1. d4 Nf6 2. Nf3 g6 3. c4 Bg7 4. Nc3 d5 5. Bf4 O-O 6. Rc1 dxc4 7. e3 Be6 8. Ng5 Bd5 9. e4 h6 10. exd5 hxg5 11. Bxg5 Nxd5 12. Bxc4 Nb6 13. Bb3 Nc6 14. d5 {[%emt 0:02:24] D92: Grünfeld: 4 Nf3 Bg7 5 Bf4.} Nd4 15. O-O Qd7 16. Re1 {[%emt 0:10:53] The position is equal.} Rfe8 {[%emt 0:00:25] [#]} 17. Bh4 $146 ({Predecessor:} 17. h4 a5 18. a4 Nxb3 19. Qxb3 Bxc3 20. Rxc3 Nxd5 21. Rg3 Ra6 22. Re5 Rd6 23. Re4 {0-1 (57) Wang,H (2756)-Salgado Lopez,I (2605) Moscow 2019}) 17... Nxb3 (17... a5 {is interesting.} 18. a3 Nxb3 19. Qxb3 a4) 18. Qxb3 Bxc3 19. bxc3 Qxd5 20. c4 Qc5 21. Qf3 c6 ({Don't do} 21... Nxc4 22. Re4 b5 23. Rxe7 $1 $14) 22. Re4 Rad8 23. Rce1 Rd7 {[%emt 0:04:43] [#] Loses the game.} (23... Rd4 $15 {keeps the upper hand.} 24. Rxe7 Rxe7 25. Bxe7 Qa5) 24. Bf6 $1 $40 {[%emt 0:03:40][%mdl 192] Hoping for Rh4. Pin. White attacks with force.} Qf5 $2 {[%emt 0:15:38] [#]} (24... Qd6 25. Ba1 (25. Rh4 Qxf6 26. Qxf6 exf6 $16) 25... c5) 25. Qxf5 $1 gxf5 26. Rh4 exf6 27. Rxe8+ {[%emt 0:00:02][%mdl 4096] Endgame KRR-KRN} Kg7 {[%emt 0:00:04] ( -> ...Rd1+)} 28. g3 (28. g4 $142 {Rhh8 would kill now.} Nc8 29. Rxc8 fxg4 30. Rxg4+ Kh7 31. Rcg8) 28... f4 29. Rg4+ Kh7 30. Rxf4 Kg7 31. Kg2 Na4 32. Rg4+ Kh7 33. Rge4 Nc5 34. R4e7 Rd2 35. Rxf7+ Kg6 36. Rfe7 Rxa2 37. h4 Nd3 38. Re2 Ra4 (38... Rxe2 $142 39. Rxe2 a5) 39. Rg8+ Kf7 40. Rb8 {[%emt 0:00:00] h5 is the strong threat.} Rb4 41. h5 Ne5 42. f4 Ng4 43. Kh3 Nh6 44. Rc8 {[%emt 0:04:29] White mates.} Nf5 45. Rc7+ Kf8 46. Re6 Nd4 47. Rxf6+ Ke8 48. h6 Rb1 49. h7 Rh1+ 50. Kg4 a5 51. Rg6 {[%emt 0:00:26] Weighted Error Value: White=0.28 (precise) /Black=0.46} 1-0

[Event "Croatian 1A League 2022"]
[Site "Porec"]
[Date "2022.10.01"]
[Round "8.11"]
[White "Krstic, Uros"]
[Black "Fucak, Emilio Milko"]
[Result "1-0"]
[ECO "C03"]
[WhiteElo "2323"]
[BlackElo "2187"]
[Annotator "TA"]
[PlyCount "109"]
[EventDate "2022.09.24"]
[EventType "team-tourn"]
[EventCountry "CRO"]
[SourceTitle "playchess.com"]
[Source "ChessBase"]
[SourceQuality "1"]
[TimeControl "40/5400+30:1800+30"]

1. e4 e6 2. d4 d5 3. Nd2 Be7 4. c3 c5 5. exd5 exd5 6. dxc5 {[%emt 0:01:15] C03: French Tarrasch: Unusual Black 3rd moves.} Bxc5 7. Nb3 Bb6 8. Bb5+ {[%emt 0:05:38] White has an edge.} Nc6 9. Nf3 Qe7+ 10. Be2 Nf6 11. O-O {[%emt 0:00:33] [#]} Bg4 $146 ({Predecessor:} 11... O-O 12. Bg5 Qd8 13. Bd3 Bg4 14. h3 Bh5 15. Re1 Qd6 16. Bh4 Bxf3 17. Qxf3 Ne5 {½-½ (33) Lau,R (2491)-Ganaus,H (2357) Austria 2002}) 12. Bg5 O-O-O 13. Nbd4 Bxd4 (13... Nxd4 $14 {should be considered.} 14. Nxd4 Bxe2 15. Nxe2 h6) 14. Nxd4 $16 Bxe2 15. Nxe2 ({Much weaker is} 15. Qxe2 Qxe2 16. Nxe2 Rhe8 $11) 15... h6 16. Be3 Ng4 17. Bd4 (17. Bf4 $5 ) 17... Qh4 18. h3 Nge5 19. Bxe5 Nxe5 20. Nd4 Nc6 21. Nxc6 bxc6 22. Re1 Rd7 23. Qf3 Rhd8 24. Rad1 Qc4 25. b3 Qa6 26. Rd2 g6 27. Qf6 h5 (27... Qb6 $16) 28. Re7 (28. Rde2 $1 $18) 28... Rxe7 $14 29. Qxe7 {[%emt 0:00:03][%mdl 4096] Endgame KQR-KQR} Qb7 30. Qe3 Qd7 31. Re2 Kb8 32. Qf4+ Ka8 33. Qe5 {[%emt 0:01:06] White is more active.} d4 (33... Kb7 $14) 34. cxd4 Qxd4 35. Qxd4 Rxd4 $16 {[%emt 0:00:01] KR-KR} 36. Re8+ (36. Re7 $5 ) 36... Kb7 37. Re7+ Kb6 38. Rxf7 Rd2 39. Rf6 Rxa2 40. Rxg6 Rb2 (40... a5 $16) 41. Rg3 $1 $18 {[%emt 0:03:35] Rd3 is the strong threat.} a5 $2 {[%emt 0:06:17] [#] Black cannot hold the game after this.} (41... Rb1+ $16 42. Kh2 h4) 42. Re3 $1 h4 43. f4 {[%emt 0:08:15][%cal Bf2f4,Bf4f5,Bf5f6][%mdl 32] And now f5 would win.} Kc5 $2 {[%emt 0:02:49] [#]} (43... Rd2 {is a better defense.} 44. f5 Kc7) 44. f5 $1 {[%emt 0:08:42] Black must now prevent f6.} Kd4 (44... Rd2 $142 45. Re4 Kd5 46. Rxh4 Ke5) 45. Rf3 {[%emt 0:00:54] Intending f6 and mate.} Rb1+ 46. Kh2 Re1 47. f6 {[%emt 0:02:34] Threatening mate with f7.} Re8 48. g4 {[%emt 0:00:33] White wants to mate with f7.} hxg3+ 49. Kxg3 Rf8 50. Kg4 Ke5 51. Kg5 Ke6 52. f7 Rxf7 53. Rxf7 Kxf7 54. Kf5 c5 55. Ke5 {[%emt 0:00:16] Weighted Error Value: White=0.11 (very precise) /Black=0.34} 1-0

[Event "Croatian 1A League 2022"]
[Site "Porec"]
[Date "2022.10.01"]
[Round "8.12"]
[White "Medancic, Rikard"]
[Black "Vernacki, Srdjan"]
[Result "1/2-1/2"]
[ECO "A46"]
[WhiteElo "2120"]
[BlackElo "2280"]
[Annotator "TA"]
[PlyCount "95"]
[EventDate "2022.09.24"]
[EventType "team-tourn"]
[EventCountry "CRO"]
[SourceTitle "playchess.com"]
[Source "ChessBase"]
[SourceQuality "1"]
[TimeControl "40/5400+30:1800+30"]

1. d4 Nf6 2. Nf3 e6 3. Bg5 h6 4. Bxf6 Qxf6 5. c3 g6 6. Nbd2 {[%emt 0:00:15] A46: 1 d4 Nf6 2 Nf3 e6: Torre, London and Colle Systems.} Bg7 7. e4 Qe7 8. Bd3 d6 9. O-O e5 10. dxe5 dxe5 11. a4 O-O {[%emt 0:00:30] [#]} 12. Re1 $146 ({Predecessor:} 12. Qc2 Nd7 13. Rfe1 Nc5 14. Bf1 a5 15. Nb3 Be6 16. Nxc5 Qxc5 17. Rad1 Qb6 18. Nd2 {0-1 (50) Drakopoulos,A (2182)-Karagiannis,A (2388) Athens 2005}) 12... Nd7 13. Qb3 Nc5 14. Qa3 Re8 15. Bf1 Bd7 16. a5 Rad8 17. Nb3 Nxb3 18. Qxb3 Bc8 19. Red1 c6 20. Be2 Qc7 21. Qc2 h5 22. h3 Bh6 23. Nd2 Bxd2 24. Rxd2 Kg7 25. b4 Rxd2 26. Qxd2 {[%emt 0:00:12] The position is equal.} Rd8 27. Qe3 b6 28. axb6 (28. Qg5 {feels hotter.} Rh8 29. axb6 axb6 30. Bc4) 28... axb6 29. h4 (29. Qg5 {keeps more tension.} Rh8 30. Bc4 Bb7 31. Rd1) 29... Be6 30. g3 c5 31. bxc5 bxc5 32. Kg2 Rb8 33. Qd2 Qc6 34. Qe3 Qc7 35. Qd2 Rd8 36. Qe3 Qb6 37. Rd1 Ra8 38. Rd2 Qc7 39. Rd1 Qe7 40. Rb1 (40. Rd2 {is more complex.} Ra1 41. Rb2 Kh7 42. Qd2) 40... Qc7 41. Rd1 Qc6 42. Rd2 Ra4 43. Bf3 Ra8 44. Rd1 Rc8 45. Rd2 Bb3 46. Rb2 Qe6 47. Rd2 Bc4 48. Rd1 {[%emt 0:04:51] A rather calm draw.  Weighted Error Value: White=0.05 (flawless) /Black=0.04 (flawless)} 1/2-1/2

[Event "Croatian 1A League 2022"]
[Site "Porec"]
[Date "2022.10.01"]
[Round "8.13"]
[White "Cheparinov, Ivan"]
[Black "Fedorchuk, Sergey A."]
[Result "0-1"]
[ECO "C65"]
[WhiteElo "2686"]
[BlackElo "2617"]
[Annotator "TA"]
[PlyCount "80"]
[EventDate "2022.09.24"]
[EventType "team-tourn"]
[EventCountry "CRO"]
[SourceTitle "playchess.com"]
[Source "ChessBase"]
[SourceQuality "1"]
[TimeControl "40/5400+30:1800+30"]

1. e4 e5 2. Nf3 Nc6 3. Bb5 Nf6 4. d3 Bc5 5. c3 O-O 6. O-O {[%emt 0:00:11] C65: Ruy Lopez: Berlin Defence (3...Nf6), unusual lines and 4 0-0 Bc5.} Re8 7. Bg5 h6 {[%emt 0:04:00] 7...a6 gains popularity.} 8. Bh4 {[%emt 0:01:33] The position is equal.} a6 9. Ba4 (9. Bxc6 $5 dxc6 10. h3 $11) 9... Bf8 $5 {[%emt 0:02:50][%mdl 4] Leaves trodden paths.} 10. Nbd2 d6 11. Re1 {[%emt 0:00:46] [#]} b5 $146 ({Predecessor:} 11... Bd7 12. h3 Be7 13. d4 b5 14. Bb3 g5 15. Bg3 Bf8 16. Bc2 Bg7 17. Nf1 a5 {1-0 (87) Tan,Z (2525)-Ju,W (2560) Xian 2021}) 12. Bc2 Bb7 13. Nf1 Nb8 14. Ne3 Nbd7 15. a4 Qc8 16. b4 g6 17. Bb3 Bg7 18. Qc2 Nb6 19. Qa2 Rf8 20. a5 {[%emt 0:02:54] [#] And now Bxf6 would win.} Nbd7 21. c4 (21. Bxf6 {seems wilder.} Bxf6 22. Ng4 Kg7 23. d4) 21... c5 22. cxb5 axb5 23. Bxf6 Bxf6 24. Rec1 Qb8 25. Bd5 cxb4 26. Bxb7 Qxb7 27. Nd5 {[%emt 0:00:17] Black must now prevent Rc7.} Rfc8 {[%emt 0:01:07] Against Rc7} 28. Rxc8+ Qxc8 29. Qb1 Bd8 30. Qxb4 Qa6 31. h4 Bxa5 (31... Nf6 $11) 32. Rxa5 $4 {[%emt 0:00:51][%mdl 8192] This move loses the game for White.} Qxa5 $19 33. Qxd6 {[%emt 0:00:05] [#]} Ra7 34. h5 Qa3 35. Qc6 Qc5 ({Don't play} 35... Qxd3 36. hxg6 Qa3 37. gxf7+ Kg7 38. Qe6 $18) ({Inferior is} 35... gxh5 36. Qxh6 Qf8 37. Qxh5 Ra1+ 38. Kh2 $11) 36. Nxe5 Ra1+ 37. Kh2 Qxc6 {[%emt 0:00:35] Really sharp!} 38. Nxc6 {[%emt 0:00:03] Pair of Knights!} gxh5 39. d4 Ra4 40. Kg3 Rc4 {[%emt 0:00:00] Weighted Error Value: White=0.29 (precise) /Black=0.11 (very precise)} 0-1